 Dungeon Sprint DCSS version 0.21.1-1-g345015f (webtiles) character file.

1829 wilfster70 the Carver (level 8, -1/74 HPs)
             Began as a Demonspawn Gladiator on June 21, 2018.
             Was a Priest of Makhleb.
             Slain by a catoblepas (9 damage)
             ... in the Dungeon (Sprint IX: "|||||||||||||||||||||||||||||").
             The game lasted 00:03:27 (775 turns).

wilfster70 the Carver (Demonspawn Gladiator)         Turns: 775, Time: 00:03:28

Health: -1/74      AC: 19    Str: 16    XL:     8   Next: 86%
Magic:  8/8        EV:  2    Int: 15    God:    Makhleb [***...]
Gold:   0          SH:  0    Dex: 21    Spells: 7/7 levels left

rFire    . . .     SeeInvis .   t - +2 rapier (elec)
rCold    . . .     Gourm    .   (no shield)
rNeg     + + +     Faith    .   q - +0 plate armour
rPois    ∞         Spirit   .   c - +0 helmet
rElec    .         Reflect  .   (no cloak)
rCorr    .         Harm     .   o - +0 pair of gloves
MR       .....     NoTele   +   p - +0 pair of boots
Stlth    ..........             (no amulet)
HPRegen  0.22/turn              r - +3 ring of intelligence
MPRegen  0.11/turn              s - +3 ring of intelligence

@: agile, petrified
A: rugged brown scales 2, powered by pain 2, spiny 2
a: Minor Destruction, Lesser Servant of Makhleb, Renounce Religion


You were in the Dungeon.
You worshipped Makhleb.
Makhleb was most pleased with you.
You were not hungry.

You visited 1 branch

Inventory:

Hand Weapons
 a - a +0 long sword
 t - a +2 rapier of electrocution (weapon)
Missiles
 d - 3 throwing nets (quivered)
Armour
 b - a +0 leather armour
 c - a +0 helmet (worn)
 o - a +0 pair of gloves (worn)
 p - a +0 pair of boots (worn)
 q - a +0 plate armour (worn)
Jewellery
 r - a +3 ring of intelligence (left hand)
 s - a +3 ring of intelligence (right hand)
Wands
 n - a wand of iceblast (10)
Scrolls
 k - 2 scrolls of blinking
 l - 3 scrolls of remove curse
 m - 2 scrolls of amnesia
Potions
 e - 4 potions of curing
 h - a potion of haste
 i - 4 potions of magic
 j - a potion of invisibility
Comestibles
 f - a ration
 u - 3 chunks of flesh


   Skills:
 + Level 9.2 Fighting
 * Level 11.7 Long Blades
 - Level 1.7 Throwing
 + Level 8.2 Armour
 + Level 8.7 Dodging


You had 7 spell levels left.
You didn't know any spells.

Dungeon Overview and Level Annotations

Branches:
Dungeon (1/1)

Altars:
Cheibriados
Dithmenos
Elyvilon
Fedhas
Gozag
Hepliaklqana
Kikubaaqudgha
Makhleb
Nemelex Xobeh
Okawaru
Qazlal
Ru
Sif Muna
Trog
Uskayaw
Vehumet
Wu Jian
Xom
Yredelemnul
Zin
The Shining One
Beogh
Jiyva
Lugonu


Innate Abilities, Weirdness & Mutations

You are mostly covered in rugged brown scales. (AC +2, +5% HP)
You sometimes gain power by taking damage.
You are mostly covered in sharp spines.


Message History

The catoblepas gores you!!
* * * LOW HITPOINT WARNING * * *
The catoblepas breathes a plume of calcifying dust at you.
The blast of calcifying dust hits you!
* * * LOW HITPOINT WARNING * * *
You turn to flesh and can move again.
You feel better.
You are engulfed in calcifying dust.
You are slowing down.
The catoblepas breathes a plume of calcifying dust at you.
The blast of calcifying dust hits you!
You hit the catoblepas but do no damage.
Lightning courses through the catoblepas!
The catoblepas is lightly wounded.
You are engulfed in calcifying dust.
Your limbs have turned to stone.
The catoblepas is struck by your spines.
The catoblepas barely misses you.
You have turned to stone.
You are engulfed in calcifying dust.
The catoblepas gores you!!
* * * LOW HITPOINT WARNING * * *
You are engulfed in calcifying dust.
The catoblepas gores you!!
You die... ▓▓▓▓▓▓▓▓▓▓▓▓▓▓▓▓▓▓▓▓▓▓▓▓ +.....Y@§..§..).....)|.. ▓▓▓▓▓▓▓▓▓▓▓▓▓▓▓▓▓▓▓▓▓▓▓▓

You could see a catoblepas.

Vanquished Creatures
  A centaur warrior (D)
  A troll (D)
  A slime creature (D)
  A hippogriff (D)
  2 vampires (D)
  A sky beast (D)
  A centaur (D)
  A crimson imp (D)
  A jelly (D)
  An orc wizard (D)
  2 adders (D)
  A shadow imp (D)
  4 leopard geckos (D)
  A bat (D)
  A giant cockroach (D)
  A frilled lizard (D)
21 creatures vanquished.

Notes
Turn   | Place    | Note
-------+----------+-------------------------------------------
     0 | D        | wilfster70 the Demonspawn Gladiator began the quest for the Orb.
     0 | D        | Reached XP level 1. HP: 16/16 MP: 1/1
     8 | D        | Reached skill level 3 in Long Blades
    19 | D        | Reached skill level 1 in Armour
   210 | D        | Noticed a jelly
   210 | D        | Noticed a crimson imp
   210 | D        | Noticed a centaur
   212 | D        | Gained mutation: You sometimes gain a little power by taking damage. [demonic ancestry]
   212 | D        | Reached XP level 2. HP: 23/23 MP: 2/2
   214 | D        | Reached skill level 4 in Long Blades
   217 | D        | Killed a centaur
   217 | D        | Reached skill level 5 in Long Blades
   217 | D        | Gained mutation: You are partially covered in sharp spines. [demonic ancestry]
   217 | D        | Reached XP level 3. HP: 18/30 MP: 3/3
   217 | D        | Gained mutation: You are partially covered in rugged brown scales. (AC +1, +3% HP) [demonic ancestry]
   217 | D        | Reached XP level 4. HP: 18/38 MP: 4/4
   220 | D        | Reached skill level 6 in Long Blades
   222 | D        | Reached skill level 5 in Fighting
   222 | D        | Reached skill level 5 in Dodging
   222 | D        | Gained mutation: You are mostly covered in sharp spines. [demonic ancestry]
   222 | D        | Reached XP level 5. HP: 15/45 MP: 5/5
   445 | D        | Found a roughly hewn altar of Beogh.
   445 | D        | Found a snail-covered altar of Cheibriados.
   445 | D        | Found a shadowy altar of Dithmenos.
   445 | D        | Found a white marble altar of Elyvilon.
   445 | D        | Found a blossoming altar of Fedhas.
   445 | D        | Found an opulent altar of Gozag.
   446 | D        | Found a hazy altar of Hepliaklqana.
   447 | D        | Found a viscous altar of Jiyva.
   448 | D        | Found an ancient bone altar of Kikubaaqudgha.
   449 | D        | Found a corrupted altar of Lugonu.
   450 | D        | Found a burning altar of Makhleb.
   451 | D        | Found a sparkling altar of Nemelex Xobeh.
   452 | D        | Found an iron altar of Okawaru.
   453 | D        | Found a stormy altar of Qazlal.
   454 | D        | Found a sacrificial altar of Ru.
   455 | D        | Found a deep blue altar of Sif Muna.
   456 | D        | Found a bloodstained altar of Trog.
   457 | D        | Found a hide-covered altar of Uskayaw.
   458 | D        | Became a worshipper of Makhleb the Destroyer
   459 | D        | Found a radiant altar of Vehumet.
   460 | D        | Found an ornate altar of the Wu Jian Council.
   461 | D        | Found a shimmering altar of Xom.
   462 | D        | Found a basalt altar of Yredelemnul.
   463 | D        | Found a glowing silver altar of Zin.
   464 | D        | Found a glowing golden altar of the Shining One.
   533 | D        | Noticed a sky beast
   533 | D        | Noticed a hippogriff
   539 | D        | Reached skill level 7 in Long Blades
   544 | D        | Killed a hippogriff
   544 | D        | Reached skill level 8 in Long Blades
   544 | D        | Reached skill level 5 in Armour
   544 | D        | Gained mutation: You are mostly covered in rugged brown scales. (AC +2, +5% HP) [demonic ancestry]
   544 | D        | Reached XP level 6. HP: 39/55 MP: 6/6
   554 | D        | Killed a sky beast
   554 | D        | Reached * piety under Makhleb
   558 | D        | Reached skill level 9 in Long Blades
   562 | D        | Reached ** piety under Makhleb
   708 | D        | Noticed a catoblepas
   708 | D        | Noticed a centaur warrior
   708 | D        | Noticed a troll
   708 | D        | Noticed a vampire
   708 | D        | Noticed a vampire
   708 | D        | Noticed a slime creature
   714 | D        | Killed a slime creature
   714 | D        | Gained mutation: You sometimes gain power by taking damage. [demonic ancestry]
   714 | D        | Reached XP level 7. HP: 55/63 MP: 7/7
   729 | D        | Killed a vampire
   729 | D        | Reached skill level 10 in Long Blades
   748 | D        | Killed a vampire
   754 | D        | Killed a troll
   754 | D        | Reached *** piety under Makhleb
   754 | D        | Reached XP level 8. HP: 46/72 MP: 8/8
   759 | D        | Killed a centaur warrior
   759 | D        | Reached skill level 11 in Long Blades
   775 | D        | Slain by a catoblepas

Skill      XL: |  1  2  3  4  5  6  7  8 |
---------------+-------------------------+-----
Long Blades    | 3 5 6 8 9 10 11 | 11.7
Dodging        | 3 4 5 6 7 8 |  8.7
Armour         | 1 3 4 5 6 7 8 |  8.2
Fighting       | 4 5 6 7 8 9 |  9.2
Throwing       | |  1.7

Action                   |  1- 3 |  4- 6 |  7- 9 || total
-------------------------+-------+-------+-------++-------
Melee: Long sword        |    22 |     5 |       ||    27
       Rapier            |       |    34 |    44 ||    78
  Use: Potion            |     1 |       |     4 ||     5
 Stab: Sleeping          |     1 |       |       ||     1
Armor: Leather armour    |     8 |       |       ||     8
       Plate armour      |       |    23 |    31 ||    54
Dodge: Dodged            |    13 |     9 |    13 ||    35
       Rpst.: Long sword |     3 |       |       ||     3
